 Dungeon Crawl Stone Soup version 0.27-a0-1219-g958d993ae5 (webtiles) character file.

Game seed: 10838445321910817140

4706 Cyko the Fighter (level 10, -2/117 HPs)
             Began as a Troll Berserker on June 6, 2021.
             Was a Priest of Trog.
             Slain by a rakshasa (illusionary)
             ... wielding a +0 trident
              (15 damage)
             ... on level 1 of the Abyss.
             The game lasted 00:14:39 (7075 turns).

Cyko the Fighter (Troll Berserker)                  Turns: 7075, Time: 00:14:40

Health: -2/117     AC:  5    Str: 27    XL:     10   Next: 21%
Magic:  9/9        EV: 10    Int:  3    God:    Trog [***...]
Gold:   527        SH:  0    Dex: 12    Spells: 9/9 levels left

rFire    . . .     SeeInvis +     - Unarmed
rCold    . . .     Faith    .   (no shield)
rNeg     . . .     Spirit   .   a - +1 animal skin
rPois    .         Reflect  .   (helmet restricted)
rElec    .         Harm     .   (no cloak)
rCorr    .         Rampage  .   (gloves unavailable)
Will     ++...                  (boots unavailable)
Stlth    +.........             k - amulet of regeneration
HPRegen  3.29/turn              m - ring of see invisible
MPRegen  0.11/turn              (no ring)

@: strong-willed, on berserk cooldown, regenerating, slowed, very slow
A: large, unfitting armour, claws 3, regeneration 1, shaggy fur 1, tough skin 1
a: Renounce Religion, Berserk, Trog's Hand


You were on level 1 of the Abyss.
You worshipped Trog.
Trog was most pleased with you.
You visited 1 branch of the dungeon, and saw 9 of its levels.
You visited the Abyss 1 time.

You collected 527 gold pieces.

Inventory:

Armour
 a - a +1 animal skin (worn)
Jewellery
 k - an amulet of regeneration (around neck)
 m - a ring of see invisible (left claw)
Wands
 o - a wand of paralysis (30)
 p - a wand of flame (18)
 q - a wand of digging (3)
Scrolls
 e - 2 scrolls of immolation
 i - 5 scrolls of fog
Potions
 b - 2 potions of cancellation
 c - 2 potions of berserk rage
 d - a potion of curing
 f - 3 potions of heal wounds
 g - 3 potions of haste
 h - a potion of flight
 j - a potion of lignification
 n - a potion of might {unknown}
 r - a potion of magic {unknown}
 s - a potion of mutation {unknown}
 t - a potion of degeneration {unknown}
 u - 2 potions of attraction {unknown}


   Skills:
 * Level 12.5 Fighting
 - Level 2.4 Dodging
 - Level 3.0 Unarmed Combat


You had 9 spell levels left.
You didn't know any spells.
Your spell library was empty.

Dungeon Overview and Level Annotations

Branches:
Dungeon (9/15)             Temple (0/1) D:6            Lair (0/6) D:8
    Orc: D:9-12

Altars:
Dithmenos
Gozag
Hepliaklqana
Nemelex Xobeh
Trog
The Shining One

Annotations:
D:7 1 runed translucent door
D:9 Erolcha


Innate Abilities, Weirdness & Mutations

You are too large for most types of armour.
You have claws for hands.
Your natural rate of healing is unusually fast.
You are covered in fur. (AC +1)
You have tough skin. (AC +1)


Message History

* * * LOW HITPOINT WARNING * * *
The freezing wraith completely misses you.
You claw the freezing wraith! Your claw misses the freezing wraith.
The freezing wraith is almost destroyed.
The rakshasa misses you.
The freezing wraith hits you but does no damage. x2
Unknown command.
You mangle the freezing wraith!!
You destroy the freezing wraith!
Trog accepts your kill. The rakshasa misses you.
The freezing wraith hits you but does no damage.
The freezing wraith hits you!
* * * LOW HITPOINT WARNING * * *
The freezing wraith drains your vigour!
You feel as though you will be slow longer.
You feel a strong urge to attack something.
You are no longer berserk.
You are exhausted.
You feel as though you will be slow longer.
The freezing wraith hits you.
* * * LOW HITPOINT WARNING * * *
The freezing wraith freezes you!
* * * LOW HITPOINT WARNING * * *
The freezing wraith barely misses you.
You feel much better. The freezing wraith barely misses you.
The freezing wraith hits you!
* * * LOW HITPOINT WARNING * * *
The freezing wraith drains your vigour!
You feel as though you will be slow longer.
The rakshasa hits you from afar with a +0 trident.
* * * LOW HITPOINT WARNING * * *
The rakshasa weaves an illusion.
The freezing wraith hits you but does no damage.
The freezing wraith hits you.
* * * LOW HITPOINT WARNING * * *
The freezing wraith drains your vigour!
You feel as though you will be slow longer.
The rakshasa hits you from afar with a +0 trident!
You die...

#.... .# .##.#.
# ##...#..
##.#.# #.. ...#
.#.#. .###... .
.# .....#
...#.. # #. ..
#. #.####.##.#
.# #.##. #
#..R###### ##.
.. ##..RR#..# .
#. #>...##.W.#
# .
#.#...#[@#....#
# # # ##...##.#
.....# .....##
.###.#. .. .###
.. .. .. .#


You could see 3 rakshasas and a freezing wraith.

Vanquished Creatures
  A two-headed ogre (D:8)
  An elephant (D:8)
  A freezing wraith (Abyss:1)
  Grinder (D:6)
  A shadow (D:9)
  Sigmund (D:6)
  A wraith (D:6)
  2 wyverns
  2 basilisks (D:8)
  2 water moccasins
  Duvessa (D:7)
  An ice beast (D:5)
  An orc warrior (D:8)
  A black bear (D:6)
  3 sky beasts
  3 necrophages
  2 ogres
  A centaur (D:6)
  A bullfrog (D:7)
  A kobold brigand (D:8)
  Dowan (D:7)
  3 killer bees
  A howler monkey (D:5)
  3 centaur zombies
  A bullfrog zombie (D:7)
  An orc priest (D:7)
  A bullfrog skeleton (D:4)
  Jessica (D:2)
  3 iguanas
  3 orc wizards
  2 hound skeletons
  Robin (D:2)
  2 adders
  3 shadow imps
  A white imp (D:6)
  3 adder skeletons (D:4)
  3 worms
  3 dart slugs
  7 orcs
  6 ball pythons
  5 endoplasms
  4 giant cockroaches
  16 goblins
  7 hobgoblins
  5 jackals
  12 kobolds
  4 quokkas
  4 bats
  7 frilled lizards
  7 rats (D:1)
148 creatures vanquished.

Notes
Turn   | Place    | Note
-------+----------+-------------------------------------------
     0 | D:1      | Cyko the Troll Berserker began the quest for the Orb.
     0 | D:1      | Reached XP level 1. HP: 22/22 MP: 0/0
    34 | D:1      | Found a faded altar of an unknown god.
   166 | D:1      | Reached XP level 2. HP: 29/29 MP: 1/1
   174 | D:1      | Reached skill level 3 in Fighting
   461 | D:1      | Reached ** piety under Trog
   492 | D:1      | Reached XP level 3. HP: 37/37 MP: 2/2
   727 | D:2      | Noticed Jessica
   731 | D:2      | Killed Jessica
   732 | D:2      | Reached skill level 4 in Fighting
   742 | D:2      | Noticed Robin
   751 | D:2      | Reached XP level 4. HP: 48/48 MP: 3/3
   759 | D:2      | Killed Robin
  1524 | D:3      | Reached XP level 5. HP: 55/55 MP: 4/4
  1791 | D:4      | Found an opulent altar of Gozag.
  1841 | D:4      | Reached skill level 5 in Fighting
  1919 | D:4      | Reached *** piety under Trog
  1979 | D:4      | Found a bloodstained altar of Trog.
  2024 | D:4      | Noticed a necrophage
  2032 | D:4      | Killed a necrophage
  2033 | D:4      | Reached XP level 6. HP: 63/67 MP: 5/5
  2403 | D:5      | Entered Level 5 of the Dungeon
  2403 | D:5      | Noticed a sky beast
  2415 | D:4      | Killed a sky beast
  2416 | D:4      | Reached skill level 6 in Fighting
  2617 | D:5      | Reached XP level 7. HP: 76/76 MP: 6/6
  2637 | D:5      | Reached skill level 7 in Fighting
  2747 | D:5      | Found a glowing golden altar of the Shining One.
  2750 | D:5      | Found a hazy altar of Hepliaklqana.
  2750 | D:5      | Found a shadowy altar of Dithmenos.
  2767 | D:5      | Found a sparkling altar of Nemelex Xobeh.
  3126 | D:6      | Noticed Grinder
  3146 | D:6      | Killed Grinder
  3147 | D:6      | Reached skill level 8 in Fighting
  3147 | D:6      | Reached XP level 8. HP: 83/89 MP: 7/7
  3244 | D:6      | Noticed Sigmund
  3255 | D:6      | Killed Sigmund
  3256 | D:6      | Reached skill level 9 in Fighting
  3891 | D:6      | Found a staircase to the Ecumenical Temple.
  4161 | D:7      | Reached skill level 10 in Fighting
  4220 | D:7      | Reached XP level 9. HP: 101/101 MP: 8/8
  4453 | D:7      | Noticed a sixfirhy
  4454 | D:7      | Found a runed translucent door.
  4466 | D:7      | Noticed Duvessa
  4469 | D:7      | Noticed Dowan
  4476 | D:7      | Killed Duvessa
  4489 | D:7      | Killed Dowan
  5152 | D:8      | Noticed a two-headed ogre
  5161 | D:8      | Killed a two-headed ogre
  5162 | D:8      | Reached skill level 11 in Fighting
  5861 | D:8      | Found a staircase to the Lair.
  5861 | D:8      | Noticed an elephant
  6109 | D:8      | Reached skill level 12 in Fighting
  6145 | D:8      | Killed an elephant
  6146 | D:8      | Reached XP level 10. HP: 115/115 MP: 9/9
  6310 | D:8      | Reached **** piety under Trog
  6755 | D:9      | Noticed Erolcha
  6783 | D:9      | Cast into level 1 of the Abyss (Erolcha)
  6922 | Abyss:1  | Noticed a thrashing horror
  6934 | Abyss:1  | Noticed a large abomination
  6945 | Abyss:1  | HP: 5/117 [iron imp (4)]
  7009 | Abyss:1  | Noticed a rakshasa
  7040 | Abyss:1  | Noticed a rakshasa
  7074 | Abyss:1  | HP: 2/117 [freezing wraith (illusionary) (8)]
  7075 | Abyss:1  | Slain by a rakshasa (illusionary)

Illustrated notes

Levels and vault maps discovered:
D:1:      wander_arrival_chamber, layout_loops_ring,
          hellmonk_ecumenical_altar_run_dry
D:2:      layout_rooms, amethyst_killhole, uniq_robin, uniq_jessica
D:3:      layout_loops_ring
D:4:      layout_gridville, lemuel_round_altar, kennysheep_mini_moat
D:5:      layout_rooms, nemelex_xobeh_ov_fountains_minmay,
          nicolae_overflow_hidden_temple
D:6:      layout_basic, minmay_temple_entry_antechambers, uniq_sigmund,
          uniq_grinder
D:7:      cheibrodos_shockbox, layout_cave_pools, uniq_duvessa
D:8:      layout_cave_pools, grunt_temple_overflow_champion_of_chaos,
          david_lair_generic
D:9:      layout_roguey [special_room_kobold], nicolae_uskayaw_dance_hall,
          general_overflow_altar, orc_david_3, kennysheep_windowed_goal,
          uniq_erolcha, uniq_joseph
Abyss:1:  base:
D:1

Skill      XL: |  1  2  3  4  5  6  7  8  9 |
---------------+----------------------------+-----
Fighting       | 3 4 5 6 8 10 12 | 12.5
Dodging        | |  2.4
Unarmed Combat | |  3.0

Action                   |  1- 3 |  4- 6 |  7- 9 | 10-12 || total
-------------------------+-------+-------+-------+-------++-------
Melee: Unarmed           |    97 |   128 |   178 |    65 ||   468
       Punch             |     2 |     2 |     3 |     2 ||     9
Invok: Berserk           |     1 |     1 |     8 |     3 ||    13
       Trog's Hand       |     1 |     1 |     4 |     2 ||     8
  Use: Scroll            |     3 |     9 |     3 |     1 ||    16
       Potion            |       |       |       |     3 ||     3
Armor: Animal skin       |    41 |    37 |    53 |    32 ||   163
Dodge: Dodged            |    51 |    52 |   112 |    67 ||   282

Table legend: (Time is in decaauts)
 A = Elapsed time spent in this place.
 B = Non-inter-level travel time spent in this place.
 C = Inter-level travel time spent in this place.
 D = Time resting spent in this place.
 E = Time spent auto-exploring this place.
 F = Levels seen in this place.
 G = Mean time per level.
                   A        B        C        D        E       F      G
               +--------+--------+--------+--------+--------+-----+--------+
         Total |   7123 |   6983 |    140 |   2047 |   3861 |  10 |  712.3 |
       Dungeon |   6862 |   6722 |    140 |   2013 |   3763 |   9 |  762.4 |
         Abyss |    261 |    261 |      0 |     34 |     98 |   1 |  261.0 |
               +--------+--------+--------+--------+--------+-----+--------+

Top non-repeatable levels by time:
     D:7: 1753 daAuts
     D:6: 1198 daAuts
     D:8: 960 daAuts
     D:4: 763 daAuts
     D:1: 651 daAuts
     D:2: 570 daAuts
     D:3: 562 daAuts
     D:5: 355 daAuts
 Abyss:1: 261 daAuts
     D:9: 46 daAuts
